 Dungeon Crawl Stone Soup version 0.25.1-3-ge44b62a0b3 (webtiles) character file.

Game seed: 11464452591665491664

15643 Doot the Tainter (level 12, -2/77 HPs)
             Began as a Demonspawn Venom Mage on Nov 20, 2020.
             Was a High Priest of Vehumet.
             Slain by a freezing wraith (3 damage)
             ... in an ice cave.
             The game lasted 00:38:46 (12936 turns).

Doot the Tainter (Demonspawn Venom Mage)           Turns: 12936, Time: 00:38:48

Health: -2/77      AC:  6    Str:  6 (8)  XL:     12   Next: 3%
Magic:  16/25      EV: 12    Int: 25 (27) God:    Vehumet [*****.]
Gold:   643        SH:  0    Dex: 14 (15) Spells: 8/29 levels left

rFire    x . .     SeeInvis +   T - staff of cold
rCold    + + .     Gourm    .   (no shield)
rNeg     . . .     Faith    .   z - +0 troll leather armour
rPois    .         Spirit   .   (helmet unavailable)
rElec    .         Reflect  .   (no cloak)
rCorr    .         Harm     .   (no gloves)
MR       .....                  (no boots)
Stlth    ++........             (no amulet)
HPRegen  0.62/turn              n - +6 ring of intelligence
MPRegen  0.19/turn              y - ring of ice

@: slowed, very slow
A: antennae 3, thin metallic scales 1, demonic guardian 1, powered by pain 2
a: Renounce Religion


You were in an ice cave.
You worshipped Vehumet.
Vehumet was extremely pleased with you.
You were very hungry.

You visited 1 branch of the dungeon, and saw 12 of its levels.
You also visited: Ice Cave.

You collected 643 gold pieces.

Inventory:

Hand Weapons
 f - a +0 hand axe
 h - a +0 dagger of draining
 p - a +2 dagger of venom
Missiles
 m - 5 curare-tipped darts (quivered)
Armour
 a - a +0 robe
 r - a +2 hat
 z - a +0 troll leather armour (worn)
 C - +0 steam dragon scales
Magical Staves
 T - an uncursed staff of cold (weapon)
Jewellery
 n - a +6 ring of intelligence (left hand)
 q - a +4 ring of evasion
 t - an uncursed ring of stealth
 v - an uncursed ring of positive energy
 y - a ring of ice (right hand)
 E - an uncursed ring of resist corrosion
 O - an uncursed amulet of magic regeneration
 V - a +4 ring of protection
Wands
 s - a wand of polymorph (10)
 G - a wand of iceblast (6)
 I - a wand of disintegration (11)
 N - a wand of flame (32)
 U - a wand of random effects (21)
Scrolls
 b - 9 scrolls of identify
 d - 4 scrolls of blinking {unknown}
 e - 4 scrolls of teleportation
 j - 8 scrolls of remove curse
 k - 2 scrolls of random uselessness
 l - 3 scrolls of magic mapping
 x - 2 scrolls of fog {unknown}
 A - 3 scrolls of enchant weapon {unknown}
 J - a scroll of fear {unknown}
 K - a scroll of torment {unknown}
 M - a scroll of holy word {unknown}
 R - a scroll of immolation {unknown}
Potions
 g - 3 potions of haste
 i - a potion of degeneration
 o - a potion of stabbing {unknown}
 u - 5 potions of curing
 w - a potion of lignification {unknown}
 B - a potion of berserk rage {unknown}
 D - a potion of flight {unknown}
 F - a potion of heal wounds {unknown}
 H - a potion of invisibility
 L - a potion of ambrosia {unknown}
 P - 2 potions of brilliance
 Q - a potion of magic {unknown}
Comestibles
 c - 20 rations


   Skills:
 + Level 1.5 Fighting
 + Level 2.5 Short Blades
 + Level 0.1 Axes
 + Level 3.0 Armour
 + Level 3.1 Dodging
 + Level 3.4 Stealth
 + Level 9.0 Spellcasting
 * Level 8.6 Conjurations
 + Level 5.2 Transmutations
 + Level 3.5 Fire Magic
 * Level 4.4 Ice Magic
 + Level 3.8 Air Magic
 + Level 9.8 Poison Magic
 + Level 0.6 Evocations


You had 8 spell levels left.
You knew the following spells:

 Your Spells              Type           Power        Failure   Level  Hunger
a - Sting                 Tmut/Pois      ####         1%          1    None
b - Poisonous Vapours     Pois/Air       #####.       1%          2    None
c - Ignite Poison         Fire/Tmut/Pois #####...     1%          3    None
d - Mephitic Cloud        Conj/Pois/Air  #####...     1%          3    None
e - Olgreb's Toxic Radia  Pois           ######..     1%          4    ##.....
f - Ensorcelled Hibernat  Hex/Ice        ######       4%          2    None
g - Ozocubu's Refrigerat  Ice            ######....   45%         6    ######.

Your spell library contained the following spells:

 Spells                   Type           Power        Failure   Level  Hunger
 Dazzling Flash           Conj/Hex       ####..       1%          3    None
 Fireball                 Conj/Fire      #####.....   5%          5    ####...
 Corona                   Hex            ##.....      9%          1    None
 Confusing Touch          Hex            ##......     24%         3    None
 Tukima's Dance           Hex            ##......     24%         3    None
 Starburst                Conj/Fire      #####.....   26%         6    ######.
 Ring of Flames           Chrm/Fire      ###.......   100%        7    #######
 Ignition                 Fire           ####......   100%        8    #######


Dungeon Overview and Level Annotations

Branches:
Dungeon (14/15)            Temple (0/1) D:6            Lair (0/6) D:8
    Orc (0/2) D:9           IceCv (1/1)
 Vaults: D:13-14

Altars:
Cheibriados
Fedhas
Nemelex Xobeh
Sif Muna
Trog
Vehumet
Yredelemnul
Zin

Annotations:
D:5 1 exclusion
D:9 exclusion: oklob plant


Innate Abilities, Weirdness & Mutations

You have a pair of large antennae on your head. (SInv)
You are partially covered in thin metallic scales. (AC +2)
A weak demonic guardian rushes to your aid.
You sometimes gain power by taking damage.


Message History

It was a scroll of magic mapping.
The freezing wraith hits you! The freezing wraith freezes you! You resist.
The freezing wraith hits you! The freezing wraith drains your vigour!
You feel as though you will be slow longer.
The freezing wraith hits you!
* * * LOW HITPOINT WARNING * * *
You focus on the pain.
You feel your power returning. The freezing wraith freezes you! You resist.
* * * LOW HITPOINT WARNING * * *
The freezing wraith barely misses you.
Okay, then.
Unknown command.
As you read the scroll labeled XILEGI ROWNO, it crumbles to dust.
The dust glows gleaming copper!
It was a scroll of random uselessness.
The freezing wraith hits you.
* * * LOW HITPOINT WARNING * * *
The freezing wraith freezes you. You resist.
* * * LOW HITPOINT WARNING * * *
The freezing wraith hits you.
You die...

##.....####..#####.
#......#*####*≈*##
##....##≈≈*≈≈≈≈≈*# ###
#...##≈≈≈≈≈≈≈≈≈≈* ##.##
##..##≈≈****≈≈≈≈≈≈ #...##
#..##≈≈**,****≈*≈≈
#....####..#*≈**,,,******≈
#..#...#W..#***,,*,,,,,***
#..##.°.°@## **,,**,,,,,**
##{###○°.## *,,***,,,,,**
#..###### **,,***,,,,,,,
##..#* *,,***,,,,,,,,
*.{W#* **,,* *,,,,,,,*
*#...#* *,,** *,,,,,,**
*#...#***,** **,,,,,,*
*#..{#*,,* **,,*,,,**
***#..#,,****,,***,,*


You could see a freezing wraith.

Vanquished Creatures
  A hydra (D:10)
  A vault guard (D:10)
  A two-headed ogre (D:11)
  An unseen horror (D:10)
  3 ugly things (D:14)
  A cyclops (D:14)
  2 centaur zombies
  A freezing wraith (IceCv)
  A kobold demonologist (D:8)
  A merfolk (D:10)
  4 trolls
  A hornet (D:11)
  Prince Ribbit (D:8)
  2 wolf spider simulacra (IceCv)
  2 hippogriffs
  4 yaks (D:14)
  3 basilisks (D:8)
  A hungry ghost (D:7)
  A steam dragon (D:7)
  A water moccasin (D:9)
  4 porcupines (D:8)
  4 orc warriors
  2 black bears
  7 ice beasts
  4 sky beasts
  A phantom (D:9)
  A necrophage (D:10)
  An eye of draining (D:8)
  3 ogres
  2 wolves (D:8)
  11 centaurs
  2 crocodiles (D:8)
  A big kobold (D:7)
  8 bullfrogs
  2 scorpions
  A water moccasin skeleton (D:7)
  5 killer bees (D:7)
  3 howler monkeys
  3 jellies
  3 crimson imps
  A bullfrog zombie (D:7)
  3 hounds
  5 orc priests
  A centaur skeleton (D:7)
  7 orc wizards
  5 iguanas
  6 worker ants
  A wolf simulacrum (IceCv)
  A killer bee zombie (D:10)
  A worker ant zombie (D:8)
  4 gnolls (D:8)
  12 adders
  12 white imps
  An ooze (D:2)
  A worm (D:4)
  3 dart slugs
  12 leopard geckos
  49 orcs
  9 bats
  7 giant cockroaches
  7 hobgoblins
  6 jackals
  A quokka (D:5)
  6 frilled lizards
  14 goblins
  A jackal skeleton (D:7)
  17 kobolds
  A quokka skeleton (D:8)
  9 rats
304 creatures vanquished.

Vanquished Creatures (collateral kills)
  A spiny frog (shapeshifter) (D:14)
  A hippogriff (D:8)
  A yak (D:7)
  A death yak simulacrum (IceCv)
  A hungry ghost (D:8)
  An ice beast (IceCv)
  A black bear (D:8)
  An ogre (D:7)
  A big kobold (D:4)
  An orc wizard (D:4)
  2 centaur skeletons
  A worker ant (D:7)
  A hound skeleton (D:8)
  3 white imps (D:14)
  A kobold (D:4)
  A quokka (D:7)
19 creatures vanquished.

Vanquished Creatures (others)
  A human (D:10)
  A leopard gecko (D:10)
  2 bushes (D:14)
  4 fungi (D:8)
  9 plants (D:8)
  17 toadstools (D:9)
34 creatures vanquished.

Grand Total: 357 creatures vanquished

Notes
Turn   | Place    | Note
-------+----------+-------------------------------------------
     0 | D:1      | Doot the Demonspawn Venom Mage began the quest for the Orb.
     0 | D:1      | Reached XP level 1. HP: 13/13 MP: 3/3
   301 | D:1      | Gained mutation: You have a pair of small antennae on your
                  | head. [demonic ancestry]
   301 | D:1      | Reached XP level 2. HP: 14/19 MP: 0/5
   508 | D:2      | Found a radiant altar of Vehumet.
   532 | D:2      | Reached skill level 1 in Transmutations
   562 | D:2      | Became a worshipper of Vehumet
   651 | D:1      | Learned a level 2 spell: Poisonous Vapours
   847 | D:1      | Gained mutation: A weak demonic guardian rushes to your
                  | aid. [demonic ancestry]
   847 | D:1      | Reached XP level 3. HP: 20/24 MP: 3/6
  1228 | D:1      | Learned a level 3 spell: Ignite Poison
  1757 | D:2      | Reached * piety under Vehumet
  1757 | D:2      | Offered knowledge of Sandblast by Vehumet.
  1859 | D:2      | Gained mutation: You have a pair of antennae on your head.
                  | [demonic ancestry]
  1859 | D:2      | Reached XP level 4. HP: 30/30 MP: 6/8
  1886 | D:2      | Learned a level 3 spell: Mephitic Cloud
  2580 | D:3      | Found a glowing silver altar of Zin.
  2938 | D:3      | Reached skill level 1 in Conjurations
  3178 | D:3      | Found a sparkling altar of Nemelex Xobeh.
  3589 | D:4      | Gained mutation: You sometimes gain a little power by
                  | taking damage. [demonic ancestry]
  3589 | D:4      | Reached XP level 5. HP: 35/35 MP: 7/9
  3597 | D:4      | Reached skill level 1 in Short Blades
  4061 | D:4      | Offered knowledge of Searing Ray by Vehumet.
  4073 | D:4      | Reached ** piety under Vehumet
  4073 | D:4      | Reached XP level 6. HP: 35/41 MP: 8/11
  4752 | D:5      | Entered Level 5 of the Dungeon
  5034 | D:5      | Reached skill level 1 in Air Magic
  5262 | D:5      | Noticed a sky beast
  5266 | D:5      | Killed a sky beast
  5266 | D:5      | Gained mutation: You are partially covered in thin metallic
                  | scales. (AC +2) [demonic ancestry]
  5266 | D:5      | Reached XP level 7. HP: 46/46 MP: 2/13
  5577 | D:5      | Learned a level 4 spell: Olgreb's Toxic Radiance
  6296 | D:6      | Reached skill level 1 in Fire Magic
  6480 | D:6      | Reached skill level 5 in Poison Magic
  7016 | D:6      | Found a staircase to the Ecumenical Temple.
  7077 | D:7      | Found a radiant altar of Vehumet.
  7093 | D:7      | Noticed a troll
  7100 | D:7      | Killed a troll
  7100 | D:7      | Offered knowledge of Conjure Flame by Vehumet.
  7100 | D:7      | Reached XP level 8. HP: 52/52 MP: 7/15
  7298 | D:7      | Reached skill level 5 in Spellcasting
  7578 | D:7      | Found a snail-covered altar of Cheibriados.
  7590 | D:7      | Reached *** piety under Vehumet
  7642 | D:7      | Found a basalt altar of Yredelemnul.
  7712 | D:7      | Reached skill level 1 in Armour
  7881 | D:7      | Offered knowledge of Stone Arrow by Vehumet.
  7899 | D:7      | Reached XP level 9. HP: 58/58 MP: 8/17
  8122 | D:7      | Reached skill level 5 in Conjurations
  8299 | D:8      | Noticed Prince Ribbit
  8307 | D:8      | Killed Prince Ribbit
  8745 | D:8      | Gained mutation: You sometimes gain power by taking damage.
                  | [demonic ancestry]
  8745 | D:8      | Reached XP level 10. HP: 64/64 MP: 6/19
  8957 | D:8      | Reached **** piety under Vehumet
  9212 | D:8      | Offered knowledge of Inner Flame by Vehumet.
  9523 | D:8      | Found a staircase to the Lair.
  9897 | D:9      | Found a staircase to the Orcish Mines.
  9968 | D:9      | Found a bloodstained altar of Trog.
 10127 | D:9      | Found a blossoming altar of Fedhas.
 10273 | D:9      | Noticed an oklob plant
 10717 | D:9      | Learned a level 2 spell: Ensorcelled Hibernation
 10764 | D:10     | Entered Level 10 of the Dungeon
 10864 | D:10     | Reached skill level 1 in Ice Magic
 11064 | D:10     | Found a shimmering blue altar of Sif Muna.
 11129 | D:10     | Killed an unseen horror
 11187 | D:10     | Reached ***** piety under Vehumet
 11191 | D:10     | Reached XP level 11. HP: 63/69 MP: 20/22
 11201 | D:10     | Offered knowledge of Ozocubu's Refrigeration by Vehumet.
 11202 | D:10     | Noticed a seven-headed hydra
 11276 | D:10     | Killed a seven-headed hydra
 11276 | D:10     | Reached skill level 1 in Fighting
 11345 | D:10     | Noticed a vault guard
 11351 | D:10     | Killed a vault guard
 11351 | D:10     | Reached skill level 5 in Transmutations
 11386 | D:10     | Found a portal to a secret trove of treasure.
 11474 | D:10     | Learned a level 6 spell: Ozocubu's Refrigeration
 11640 | D:11     | Noticed a two-headed ogre
 11649 | D:11     | Killed a two-headed ogre
 12291 | D:11     | You fall into a shaft and drop 3 floors!
 12294 | D:14     | Noticed a cyan ugly thing
 12303 | D:14     | Killed a cyan ugly thing
 12339 | D:14     | Noticed a cyan ugly thing
 12415 | D:14     | Noticed a purple ugly thing
 12417 | D:14     | Noticed a harpy
 12421 | D:14     | Noticed a purple ugly thing
 12422 | D:14     | Killed a purple ugly thing
 12428 | D:14     | Noticed a purple ugly thing
 12430 | D:14     | Killed a purple ugly thing
 12584 | D:14     | Found a frozen archway.
 12701 | IceCv    | Entered an ice cave
 12821 | IceCv    | Gained mutation: You have a pair of large antennae on your
                  | head. (SInv) [demonic ancestry]
 12821 | IceCv    | Reached XP level 12. HP: 77/77 MP: 11/24
 12936 | IceCv    | HP: 1/77 [freezing wraith (5)]
 12936 | IceCv    | Slain by a freezing wraith

Illustrated notes

Levels and vault maps discovered:
D:1:      heliophobic_arrival_dark_side_of_the_moon, layout_basic,
          serial_park_tiny_2
D:2:      layout_basic, vehumet_crystals, serial_glass, glass_columns_a,
          glass_columns_a, glass_columns_c, glass_columns_a, glass_columns_c,
          glass_columns_b, glass_columns_a, glass_columns_a, glass_columns_a,
          glass_columns_b
D:3:      layout_loops_ring, lemuel_round_altar, nicolae_overflow_crystal_walls,
          first_ration
D:4:      layout_rooms, lexackson_kobold_supper
D:5:      layout_gridville
D:6:      layout_loops_ring, minmay_temple_entry_mist
D:7:      kennysheep_windowed_halls, layout_basic,
          nicolae_overflow_hidden_temple, kennysheep_little_box, basic_altar
D:8:      layout_basic, minmay_lair_entry_grove, uniq_prince_ribbit1
D:9:      layout_loops_ring, old_standard_altar, tgw_fedhas
D:10:     layout_big_octagon, enter_trove_5, basic_altar, hangedman_stone_soup
D:11:     layout_irregular_city, palyth_stone_intersect
D:14:     layout_loops_ring, skrybe_vaults_entry_preservation,
          portal_ice_cave_entry_imps, serial_park_avenue1, cheibriados_altar_1
IceCv:    ice_cave_small_necro

Skill      XL: |  1  2  3  4  5  6  7  8  9 10 11 12 |
---------------+-------------------------------------+-----
Dodging        | 2 3 |  3.1
Transmutations | 1 2 3 4 5 |  5.2
Spellcasting   | 3 4 5 6 7 8 9 |  9.0
Stealth        | 2 3 |  3.4
Conjurations   | 1 2 3 4 5 7 8 |  8.6
Short Blades   | 1 2 |  2.5
Poison Magic   | 4 5 6 7 8 9 |  9.8
Air Magic      | 1 2 3 |  3.8
Fire Magic     | 1 2 3 |  3.5
Armour         | 2 3 |  3.0
Ice Magic      | 2 4 |  4.4
Fighting       | 1 |  1.5
Axes           | |  0.1
Evocations     | |  0.6

Action                   |  1- 3 |  4- 6 |  7- 9 | 10-12 || total
-------------------------+-------+-------+-------+-------++-------
Melee: Unarmed           |     1 |       |       |       ||     1
       Hand axe          |     6 |       |       |       ||     6
       Dagger            |     6 |    11 |    37 |   160 ||   214
Throw: Dart              |       |       |     1 |       ||     1
 Cast: Sting             |    60 |    85 |    41 |     2 ||   188
       Poisonous Vapours |     3 |    24 |    20 |    18 ||    65
       Ignite Poison     |       |     3 |    28 |    70 ||   101
       Mephitic Cloud    |       |     2 |     7 |    34 ||    43
       Olgreb's Toxic Ra |       |       |    15 |    53 ||    68
Evoke: Wand              |       |       |       |    10 ||    10
  Use: Potion            |     1 |       |       |     5 ||     6
       Scroll            |       |       |       |     5 ||     5
 Stab: Sleeping          |     2 |     1 |       |     1 ||     4
       Distracted        |       |       |     2 |     1 ||     3
       Confused          |       |       |       |     1 ||     1
  Eat: Chunk             |     4 |    11 |    13 |    14 ||    42
Armor: Robe              |    10 |    13 |     3 |       ||    26
       Troll leather arm |       |       |    15 |    70 ||    85
Dodge: Dodged            |    25 |    47 |    58 |   169 ||   299
